Map: Chain of Ascension

Players

Jazigo

  • Race: Terran Terran
  • League: Silver
  • Spawn Location: 11:00

NamroodTuo

  • Race: Zerg Zerg

VOD

Have the link to the VOD?

Description

Time

  • Played on: March 31, 2023, 4:27 p.m.
  • Length: 24:17
Show
View Real Time Build Order
Export as new Build Order

Jazigo Terran 

Build Orders:  

Get SALT Encoding   

  12  0:02  SCV  
  13  0:16  SCV  
  14  0:24  Supply Depot  
  14  0:31  SCV  
  15  0:54  SCV  
  15  0:58  Factory  
  16  1:04  Refinery  
  16  1:08  SCV  
  17  1:18  Refinery  
  17  1:21  SCV  
  18  1:35  SCV  
  19  1:48  SCV  
  20  2:03  Armory  
  20  2:05  Supply Depot  
  20  2:07  Factory Tech Reactor  
  20  2:09  SCV  
  21  2:22  SCV  
  22  2:36  SCV  
  23  2:49  SCV  
  24  3:03  SCV  
  24  3:04  Upgrade Laser Drill Level 1  
  24  3:08  Thor  
  31  3:14  Supply Depot  
  31  3:52  SCV  
  32  4:05  SCV  
  33  4:26  Thor  
  39  4:53  Regenerative Bio-Steel  
  39  5:05  Supply Depot  
  39  6:02  Thor  
  45  6:39  Upgrade Laser Drill Level 2  
  45  7:08  Supply Depot  
  45  7:09  Supply Depot, Advanced Optics  
  45  7:15  Supply Depot  
  45  7:38  Thor  
  51  8:10  Command Center  
  51  8:20  Thor  
  57  8:50  Thor  
  63  9:08  SCV  
  63  9:09  Terran Vehicle and Ship Weapons Level 1  
  64  9:21  SCV  
  64  9:24  Thor  
  65  9:36  Thor  
  65  10:35  SCV  
  65  10:39  Refinery  
  66  10:42  SCV  
  66  10:49  SCV  
  68  10:50  Thor  
  68  10:55  SCV  
  75  11:02  SCV  
  75  11:09  SCV  
  77  11:14  Refinery  
  77  11:16  SCV  
  78  11:22  SCV  
  70  11:30  SCV  
  79  11:36  SCV  
  81  11:43  SCV  
  81  11:49  SCV, Terran Vehicle And Ship Armor Level 1  
  82  11:57  SCV  
  84  12:03  SCV  
  85  12:10  SCV  
  86  12:34  Supply Depot  
  86  12:35  Supply Depot  
  86  12:39  Supply Depot  
  86  12:51  Supply Depot x2  
  86  12:57  Supply Depot  
  86  13:04  SCV x2, Thor  
  86  13:05  Thor  
  100  13:17  SCV x2  
  102  13:31  SCV x2  
  102  13:39  Starport  
  104  13:44  SCV  
  105  14:10  Thor  
  105  14:11  Thor  
  117  14:54  Starport Tech Reactor  
  117  14:58  Thor  
  117  14:59  Thor  
  129  15:13  Terran Vehicle and Ship Weapons Level 2  
  129  15:38  Science Vessel  
  131  15:48  Thor  
  131  16:07  Thor  
  131  16:40  Thor  
  131  16:44  Thor  
  131  17:58  Supply Depot  
  131  17:59  Supply Depot  
  131  18:00  Thor  
  131  18:01  Supply Depot x2  
  129  18:28  Thor  
  135  18:48  Thor  
  141  18:56  Science Vessel  
  143  19:16  Thor  
  149  19:36  Thor  
  154  20:04  Thor  
  154  20:24  Thor  
  160  20:35  Terran Vehicle and Ship Weapons Level 3  
  160  21:25  Thor  
  160  21:26  Thor x2  
  160  21:27  Thor  
  160  21:28  Thor  
  160  21:32  Thor x2  
  160  21:34  Thor  
  160  21:39  Thor  
  160  21:40  Thor  
  160  21:43  Thor  
  160  21:44  Thor  
  160  21:46  Thor  
  160  21:51  Thor  
  160  21:52  Thor  
  160  21:57  Thor  
  130  22:00  Thor  
  136  22:19  Thor  
Show
View Real Time Build Order
Export as new Build Order

NamroodTuo Zerg 

Build Orders:  

Get SALT Encoding   

  12  0:22  Infested Barracks  
  12  0:25  Infested SCV  
  13  0:39  Overlord  
  13  1:04  Infested SCV  
  14  1:16  Infested SCV  
  15  1:21  Infested SCV  
  15  1:24  Infestation Level 1  
  16  1:30  Infested SCV  
  16  1:33  Infested SCV  
  18  1:45  Overlord  
  18  1:49  Infested SCV  
  19  1:59  Infested Refinery  
  19  2:01  Infested SCV  
  19  2:09  Infested SCV  
  21  2:18  Infested Refinery  
  21  2:27  Infested SCV  
  22  2:42  Infested SCV  
  23  2:57  Overlord  
  23  3:13  Infested SCV  
  24  3:35  Infested Engineering Bay  
  24  3:38  Infested Barracks Tech Lab  
  24  3:40  Infested SCV  
  24  3:48  Overlord  
  25  4:01  Infested SCV  
  25  4:06  Retinal Augmentation  
  30  4:21  Infested Bunker  
  30  4:23  Infested SCV  
  31  4:38  Infested Missile Turret  
  31  4:48  Infestation Level 2  
  31  4:52  Infested SCV  
  31  4:57  Infested SCV  
  33  5:09  Infested Missile Turret  
  33  5:59  Infested Bunker  
  37  6:03  Regenerative Plating  
  37  6:17  Infested Factory  
  37  6:19  Infested Marine  
  38  6:20  Infested Marine x7  
  45  6:48  Anaerobic Enhancement  
  45  7:00  Overlord x2  
  45  7:03  Stukov Infantry Weapons Level 1  
  45  7:22  Infested Factory  
  45  7:27  Infested SCV  
  46  7:32  Infested SCV  
  46  7:33  Infested Armory  
  47  7:48  Plagued Munitions, Broodling Gestation  
  47  8:01  Unknown  
  39  8:52  Overseer  
  39  8:53  Overseer x2  
  39  9:16  Infested Command Center  
  43  9:35  Infested Factory Tech Lab x2  
  43  9:43  Stukov Infantry Armor Level 1  
  43  9:49  Infested Bunker  
  43  10:09  Infested Siege Tank x2  
  49  10:15  Automated Mitosis  
  49  10:19  Acidic Enzymes  
  49  10:53  Infested Bunker  
  53  11:17  Infested Marine x6  
  53  11:18  Infested Marine x3  
  62  11:21  Infested Siege Tank  
  65  11:30  Overlord  
  65  11:32  Overlord  
  65  11:36  Infested SCV  
  66  11:44  Infested SCV x2  
  65  12:10  Stukov Vehicle and Ship Armor Level 1  
  65  12:21  Infested SCV x2  
  65  12:22  Infested SCV x2  
  65  12:23  Calcified Armor  
  69  12:48  Infestation Level 3  
  69  13:00  Infested Siege Tank  
  66  13:23  Stukov Infantry Weapons Level 2  
  66  13:38  Infested Bunker  
  70  13:47  Overlord x2  
  70  13:48  Infested SCV  
  70  13:49  Infested SCV  
  72  13:50  Infested SCV  
  72  13:51  Aggressive Incubation  
  72  13:57  Infested Refinery  
  70  14:41  Overseer  
  70  14:46  Overseer  
  70  14:54  Infested Siege Tank x3  
  70  14:56  Infested Siege Tank x2  
  70  14:59  Overlord  
  85  15:04  Overlord  
  76  16:01  Infested Siege Tank x2  
  76  16:02  Infested Siege Tank x3  
  91  16:18  Overseer  
  91  16:24  Overlord x2  
  91  16:25  Overlord x3  
  91  17:20  Infested SCV  
  91  17:21  Infested SCV x2  
  94  17:54  Infested Diamondback x4  
  94  17:55  Infested Diamondback x3  
  115  18:10  Infested Diamondback  
  118  18:34  Stukov Vehicle and Ship Armor Level 2  
  118  18:37  Stukov Infantry Armor Level 2  
  118  19:44  Infested Siege Tank  
  118  19:45  Infested Siege Tank x2, Infested Diamondback x3  
  91  21:49  Overseer x3  
  132  21:50  Overseer x2  
  91  21:52  Overlord x4  
  91  21:53  Overlord  
  64  22:18  Infested Marine  
  64  22:19  Infested Marine x8  
  70  22:20  Infested Marine x10  
  80  22:32  Infested Siege Tank x3, Infested Diamondback x2  
  80  22:33  Infested Siege Tank x2, Infested Diamondback x3  
  110  23:04  Infested Siege Tank, Infested Diamondback  
  116  23:42  Infested Siege Tank  
  116  23:43  Infested Siege Tank, Infested Diamondback x2  
  116  23:47  Overlord x2  
  116  23:48  Overlord x4  
Tags
 
Commander
StukovSwann
League
Silver
Matchup
Co-op
Replay Pack
Multiplayer
Add a new tag
Caveats
  • Supply blocks, unpowered buildings, or Contaminate may cause inaccurate times.
  • Supply counts are checked every 10 seconds.